 Dungeon Crawl Stone Soup version 0.24.1-8-ga250c9d538 (webtiles) character file.

Game seed: 14443616927622556979, levelgen mode: deterministic

32 Atelerd the Magician (level 3, 0/21 HPs)
             Began as an Octopode Wizard on May 6, 2020.
             Slain by an adder (4 damage)
             ... on level 2 of the Dungeon.
             The game lasted 00:02:39 (1162 turns).

Atelerd the Magician (Octopode Wizard)              Turns: 1162, Time: 00:02:40

Health: 0/21       AC:  1    Str:  6    XL:     3   Next: 25%
Magic:  5/7        EV: 13    Int: 21    God:
Gold:   44         SH:  0    Dex: 10    Spells: 2/8 levels left

rFire    . . .     SeeInvis .   j - +0 short sword
rCold    . . .     Gourm    .   (no shield)
rNeg     . . .     Faith    .   a - +0 hat
rPois    .         Spirit   .   (no amulet)
rElec    .         Reflect  .   (no ring)
rCorr    .         Harm     .   (no ring)
MR       .....                  (no ring)
Stlth    +++.......             (no ring)
HPRegen  0.07/turn              (no ring)
MPRegen  0.10/turn              (no ring)
                                (no ring)
                                (no ring)

@: no status effects
A: almost no armour, stealthy swim, amphibious, 8 rings, constrict 8, camouflage
1, gelatinous body 1
a: no special abilities


You were on level 2 of the Dungeon.
You were hungry.

You visited 1 branch of the dungeon, and saw 2 of its levels.

You collected 44 gold pieces.

Inventory:

Hand Weapons
 j - a +0 short sword (weapon)
Armour
 a - a +0 hat (worn)
Scrolls
 b - a scroll of fog {unknown}
 e - a scroll of blinking {unknown}
 f - 3 scrolls of identify {unknown}
 i - a scroll of remove curse {unknown}
 k - a scroll of random uselessness {unknown}
Potions
 d - a potion of magic {unknown}
 g - a potion of ambrosia {unknown}
 h - a potion of haste {unknown}
Comestibles
 c - 6 rations


   Skills:
 - Level 2.0 Dodging
 + Level 2.7 Stealth
 + Level 3.3 Spellcasting
 * Level 2.5 Conjurations
   Level 1.0 Summonings
 - Level 1.0 Translocations
 + Level 0.3 Poison Magic


You had 2 spell levels left.
You knew the following spells:

 Your Spells              Type           Power        Failure   Level  Hunger
a - Magic Dart            Conj           ##..         4%          1    None
b - Mephitic Cloud        Conj/Pois/Air  #.......     26%         3    ###....
c - Blink                 Tloc           N/A          13%         2    ##.....

Your spell library contained the following spells:

 Spells                   Type           Power        Failure   Level  Hunger
 Call Imp                 Summ           #.......     13%         2    ##.....
 Slow                     Hex            #.......     19%         2    ##.....
 Conjure Flame            Conj/Fire      #.......     22%         3    ###....


Dungeon Overview and Level Annotations

Branches:
Dungeon (2/15)

Altars:

Annotations:
D:2 Natasha


Innate Abilities, Weirdness & Mutations

You cannot wear most types of armour.
You are very stealthy in the water. (Stealth+)
You are amphibious.
You can wear up to eight rings at the same time.
You can use your tentacles to constrict eight enemies at once.
Your skin changes colour to match your surroundings (Stealth+).
Your rubbery body absorbs attacks. (AC +1, EV +1)


Message History

An adder comes into view.
A kobold comes into view. It is wielding a +0 whip.
The crimson imp laughs crazily. 2 gnolls come into view.
The hobgoblin barely misses you.
The crimson imp blinks!
A kobold comes into view. It is wielding a +0 club.
The gnoll shouts!
You hear a shout!
The kobold shouts!
A rat comes into view.
An adder comes into view.
Found a stone staircase leading up.
The kobold closely misses you.
A leopard gecko comes into view.
The adder bites you.
* * * LOW HITPOINT WARNING * * *
An adder comes into view.
The adder hisses angrily.
You hit the rat but do no damage. You grab the rat.
Your squeeze misses the rat.
You constrict the rat, but do no damage.
The adder bites you.
You die...

..# .#. # .. ...
..##..<.. #####.
......#.# ..#..
..l.#.#####...#
#............#
#S.rS..# #...###
#@#..##.....####
##K##...........###
###.g###....ยง..5.....
#...J##....###.###..#
#.##hg...### #.####.#
#.#.....[# #.......
#.....#### #####..#
#..###g. ##.. ....
#... ##.


You could see a jelly, Natasha, 2 gnolls, 2 adders, a leopard gecko, a
hobgoblin, a kobold and a rat.

Vanquished Creatures
  A dart slug (D:1)
  2 leopard geckos
  2 giant cockroaches
  2 goblins
  2 hobgoblins
  7 kobolds (D:1)
  5 bats
  4 frilled lizards
  4 rats
29 creatures vanquished.

Notes
Turn   | Place    | Note
-------+----------+-------------------------------------------
     0 | D:1      | Atelerd the Octopode Wizard began the quest for the Orb.
     0 | D:1      | Reached XP level 1. HP: 11/11 MP: 4/4
   302 | D:1      | Reached XP level 2. HP: 17/17 MP: 0/6
   914 | D:2      | Reached XP level 3. HP: 19/21 MP: 7/7
   961 | D:2      | Noticed Natasha
   992 | D:2      | Learned a level 3 spell: Mephitic Cloud
   995 | D:2      | Learned a level 2 spell: Blink
  1162 | D:2      | Slain by an adder

Levels and vault maps discovered:
D:1:      minmay_arrival_glassed_features, layout_basic, serial_corexii_hall,
          corexii_hall_statues_x, corexii_hall_statues_deadend, st_stairs_14,
          chequers_serial_rivers_small_a
D:2:      layout_rooms, minmay_misc_feat_pillars, uniq_natasha

Skill      XL: |  1  2 |
---------------+-------+-----
Conjurations   | 2 |  2.5
Dodging        | |  2.0
Stealth        | |  2.7
Spellcasting   | |  3.3
Summonings     | |  1.0
Translocations | |  1.0
Poison Magic   | |  0.3

Action                   || total
-------------------------++-------
Melee: Unarmed           ||    32
       Constrict         ||    14
       Tentacles         ||     9
       Short sword       ||    21
 Cast: Magic Dart        ||    32
 Stab: Sleeping          ||     4
Armor: Skin              ||    18
Dodge: Dodged            ||    91
